 Dungeon Crawl Stone Soup version 0.29.0-13-gc9e81de378 (webtiles) character file.

Game seed: 11346362368727447990

14758 Ofeo the Blocker (level 11, -1/101 HPs)
             Began as a Minotaur Fighter on Sept 8, 2022.
             Was a High Priest of Okawaru.
             Slain by a minotaur
             ... wielding a +5 vorpal morningstar
              (4 damage)
             ... in a Gauntlet.
             The game lasted 00:15:37 (12744 turns).

Ofeo the Blocker (Minotaur Fighter)                Turns: 12744, Time: 00:15:37

Health: -1/101     AC: 16    Str: 35      XL:     11   Next: 92%
Magic:  11/14      EV: 11    Int:  6 (9)  God:    Okawaru [*****.]
Gold:   310        SH:  8    Dex:  9      Spells: 10/10 levels left

rFire   + . .      SeeInvis .   b - +4 morningstar (flame)
rCold   . . .      Faith    .   M - +2 buckler {rF+}
rNeg    . . .      Spirit   .   k - +0 chain mail
rPois   +          Reflect  .   (helmet restricted)
rElec   .          Harm     .   K - +2 cloak {rCorr}
rCorr   +          Rampage  .   e - +0 pair of gloves
Will    .....      NoTele   +   o - +2 pair of boots
Stlth   ..........              w - amulet "Itezask" {Acrobat Drain rPois rCorr Int+5}
HPRegen 0.26/turn               s - ring of poison resistance
MPRegen 0.14/turn               v - +6 ring of strength

@: brilliant, hasted, invisible, very quick
A: horns 2, retaliatory headbutt, deformed body, strong 1, (teleportitis 1)
a: Renounce Religion, Heroism, Finesse, Duel


You were in a Gauntlet.
You worshipped Okawaru.
Okawaru was extremely pleased with you.
You visited 3 branches of the dungeon, and saw 13 of its levels.
You also visited: Gauntlet.

You collected 574 gold pieces.
You spent 264 gold pieces at shops.

Inventory:

Hand Weapons
 a - a +4 hand axe of venom
 b - a +4 morningstar of flaming (weapon)
 d - a +1 war axe
Missiles
 l - 13 boomerangs (quivered)
 u - a silver javelin
 y - a curare-tipped dart
 F - 2 throwing nets
Armour
 c - a +0 buckler
 e - a +0 pair of gloves (worn)
 k - a +0 chain mail (worn)
 o - a +2 pair of boots (worn)
 p - a +2 cloak
 J - a +0 scale mail
 K - a +2 cloak of preservation (worn)
 M - a +2 buckler of fire resistance (worn)
Jewellery
 j - the ring "Husmi" {rC+ MP+9 Int+2 Dex+4 Stlth+}
   (You found it on level 6 of the Dungeon)

   [ring of protection from cold]

   Int:       It affects your intelligence (+2).
   Dex:       It affects your dexterity (+4).
   rC:        It protects you from cold.
   MP:        It affects your magic capacity (+9).
   Stlth:     It makes you more stealthy.
 s - a ring of poison resistance (left hand)
 v - a +6 ring of strength (right hand)
 w - the amulet "Itezask" (around neck) {Acrobat Drain rPois rCorr Int+5}
   (You found it on level 5 of the Dungeon)

   [amulet of the acrobat]

   It increases your evasion while moving and waiting.
   Int:       It affects your intelligence (+5).
   rPois:     It protects you from poison.
   rCorr:     It protects you from acid and corrosion.
   Drain:     It drains your maximum health when unequipped.
 A - the ring "Kuukk" {Fly Int+4}
   (You found it on level 7 of the Dungeon)

   [ring of flight]

   Int:       It affects your intelligence (+4).
   Fly:       It grants you flight.
 G - a +6 ring of strength
 N - the amulet "Lapleezont" {RegenMP Regen+ rCorr Int+4}
   (You found it in a Gauntlet)

   [amulet of magic regeneration]

   It increases your rate of magic regeneration.
   Int:       It affects your intelligence (+4).
   Regen:     It increases your rate of health regeneration.
   rCorr:     It protects you from acid and corrosion.
Wands
 m - a wand of flame (3)
 z - a wand of mindburst (7)
Scrolls
 f - 5 scrolls of teleportation {@r3}
 g - 3 scrolls of enchant weapon
 i - 4 scrolls of identify {@r1}
 r - 3 scrolls of amnesia
 B - 2 scrolls of magic mapping {unknown}
 D - 2 scrolls of enchant armour
 E - 2 scrolls of vulnerability {unknown}
 I - 2 scrolls of fear {unknown}
Potions
 n - 2 potions of magic
 t - 3 potions of mutation
 x - a potion of resistance {@q6}
 L - a potion of might {@q4}


   Skills:
 + Level 10.3 Fighting
 + Level 10.1 Axes
 + Level 4.0 Throwing
 + Level 10.3 Armour
 + Level 7.0 Dodging
 + Level 10.4 Shields
 + Level 6.2 Invocations
 + Level 3.9 Evocations


You had 10 spell levels left.
You didn't know any spells.
Your spell library contained the following spells:

 Spells                   Type           Power      Damage    Failure   Level
 Magic Dart               Conj           0%         1d3       89%         1
 Slow                     Hex            0%         N/A       89%         1
 Ensorcelled Hibernation  Hex/Ice        0%         N/A       96%         2
 Passwall                 Tmut/Erth      0%         N/A       96%         2
 Confusing Touch          Hex            0%         N/A       99%         3
 Inner Flame              Hex/Fire       0%         N/A       99%         3
 Mephitic Cloud           Conj/Pois/Air  0%         N/A       99%         3
 Swiftness                Air            0%         N/A       99%         3
 Vampiric Draining        Necr           0%         2d6       99%         3
 Anguish                  Hex/Necr       0%         N/A       100%        4
 Cause Fear               Hex            0%         N/A       100%        4
 Fireball                 Conj/Fire      0%         3d3       100%        5
 Dispersal                Tloc           0%         N/A       100%        6
 Starburst                Conj/Fire      0%         6d3       100%        6
 Discord                  Hex            0%         N/A       100%        8
 Ignition                 Fire           0%         3d3       100%        8
 Summon Small Mammal      Summ           Unusable   N/A       N/A         1
 Call Imp                 Summ           Unusable   N/A       N/A         2
 Call Canine Familiar     Summ           Unusable   N/A       N/A         3
 Summon Guardian Golem    Hex/Summ       Unusable   N/A       N/A         3

Dungeon Overview and Level Annotations

Branches:
Dungeon (11/15)            Temple (1/1) D:6            Lair (1/5) D:10
Gauntlet (1/1)
    Orc: D:9-12

Altars:
Ashenzari
Cheibriados
Dithmenos
Elyvilon
Fedhas
Gozag
Hepliaklqana
Kikubaaqudgha
Makhleb
Nemelex Xobeh
Okawaru
Qazlal
Ru
Sif Muna
Trog
Uskayaw
Vehumet
Wu Jian
Xom
Yredelemnul
Zin
The Shining One

Shops:
D:8 [

Annotations:
D:7 1 runed translucent door, Crazy Yiuf Gauntlet 6 transporters, 21 runed translucent doors


Innate Abilities, Weirdness & Mutations

You have a pair of horns on your head.
You reflexively headbutt those who attack you in melee.
Armour fits poorly on your strangely shaped body.
Your muscles are strong. (Str +4, Int/Dex -1)
((You are occasionally teleported next to monsters.))


Message History

Aim: a minotaur, wielding a +5 vorpal morningstar, wearing a +0 chain mail and quivering silver javelins (chance to affect: 15%)
Okay, then.
The minotaur throws a silver javelin.
The silver javelin closely misses you.
The minotaur throws a silver javelin.
The silver javelin pierces through you but does no damage.
The silver sears you!
* * * LOW HITPOINT WARNING * * *
Your hands slow down.
Okay, then.
It was a potion of brilliance.
You feel clever all of a sudden.
It was a potion of invisibility.
You fade into invisibility!
You feel better.
You regained 6 hp, and now have 17/101 hp.
You feel better.
You regained 10 hp, and now have 27/101 hp.
You feel like a meek peon again.
The minotaur throws a silver javelin.
The silver javelin completely misses you.
You block the minotaur's attack. The minotaur completely misses you.
You barely miss the minotaur. You impale the minotaur!! You burn the minotaur!
The minotaur is heavily wounded.
You puncture the minotaur! You burn the minotaur!
The minotaur is severely wounded.
The minotaur barely misses you. The minotaur gores you!
* * * LOW HITPOINT WARNING * * *
You take 8 damage, and have 20/101 hp.
You sock the minotaur! You burn the minotaur.
The minotaur is almost dead.
The minotaur hits you with a +5 vorpal morningstar!
* * * LOW HITPOINT WARNING * * *
x2 The minotaur gores you but does no damage.
You take 17 damage, and have 3/101 hp.
You catch the helpless minotaur completely off-guard!
You hit the minotaur but do no damage.
The minotaur is almost dead.
The minotaur hits you with a +5 vorpal morningstar.
You die...

#...# #.#...#..#######
#.#.# #.#.©.#≈........
#H#... #.....#∩........
#.#.#⌠.⌠ #.#.©.#≈........
#.#.##### #.#...#..#######
#.#.. #.#...#..#......
#.#### #.#.8.#..#.#....
#....######.#...#..#[.##.#
####....H@..#.8.#..#..##.#
##########...#..#§.#.©.
#§8§#..#[.##.#
#####..#..##.# #..#.#....
###..#...... #8#..#######
###......... #≈........


You could see a minotaur (unable to see you).

Vanquished Creatures
  2 two-headed ogres (D:10)
  3 death yaks (D:10)
  An obsidian statue (Gauntlet)
  Pikel (D:7)
  A wizard (Gauntlet)
  An ugly thing (D:10)
  A manticore (D:10)
  A gargoyle (D:10)
  2 cane toads (Lair:1)
  Maggie (D:10)
  3 komodo dragons (Lair:1)
  An unseen horror (D:10)
  3 trolls
  2 wraiths
  13 yaks
  A neqoxec (Gauntlet)
  2 steam dragons (D:8)
  A chaos spawn (Gauntlet)
  3 water moccasins
  Duvessa (D:7)
  2 ice beasts
  An orc warrior (D:10)
  A black bear (D:8)
  An ogre (D:5)
  A wolf (Lair:1)
  5 centaurs
  A phantom (D:7)
  A kobold brigand (D:5)
  Blork the orc (D:5)
  8 bullfrogs
  A necrophage (D:5)
  3 gnoll sergeants
  A scorpion (D:7)
  12 wights
  Dowan (D:7)
  An electric eel (D:8)
  A howler monkey (D:5)
  A jelly (D:7)
  8 orc priests
  4 hounds
  2 gnoll boudas
  Ijyb (D:4)
  8 orc wizards
  3 iguanas
  2 hell rats (D:10)
  22 gnolls
  6 adders
  A river rat (D:10)
  2 shadow imps
  2 white imps
  A worm (D:2)
  26 orcs
  4 ball pythons
  4 bats
  4 endoplasms
  9 goblins (D:4)
  4 hobgoblins
  3 jackals (D:4)
  14 kobolds
  5 quokkas
  5 rats
227 creatures vanquished.

Vanquished Creatures (others)
  An orc (D:8)
  2 fungi (Lair:1)
  A plant (Gauntlet)
4 creatures vanquished.

Grand Total: 231 creatures vanquished

Notes
Turn   | Place    | Note
-------+----------+-------------------------------------------
     0 | D:1      | Ofeo the Minotaur Fighter began the quest for the Orb.
     0 | D:1      | Reached XP level 1. HP: 19/19 MP: 0/0
   306 | D:2      | Reached XP level 2. HP: 18/27 MP: 1/1
   414 | D:2      | Reached XP level 3. HP: 33/33 MP: 2/2
  1144 | D:3      | Reached XP level 4. HP: 41/41 MP: 3/3
  1266 | D:4      | Noticed a centaur
  1272 | D:4      | Killed a centaur
  1273 | D:4      | Reached XP level 5. HP: 33/47 MP: 4/4
  1485 | D:4      | Gained mutation: You are partially covered in large bone
                  | plates. (SH +4) [potion of mutation]
  1485 | D:4      | Gained mutation: Your body sometimes deteriorates upon
                  | taking damage. [potion of mutation]
  1485 | D:4      | Gained mutation: You are frail. (-10% HP) [potion of
                  | mutation]
  1485 | D:4      | Gained mutation: You possess an exceptional clarity of
                  | mind. [potion of mutation]
  1620 | D:4      | Got the Octavo of Displacement and Glamour
  2175 | D:4      | Noticed Ijyb
  2185 | D:4      | Killed Ijyb
  2806 | D:5      | Entered Level 5 of the Dungeon
  2810 | D:5      | Reached skill level 5 in Fighting
  2816 | D:5      | Reached skill level 5 in Armour
  2816 | D:5      | Reached skill level 5 in Shields
  2897 | D:5      | Reached XP level 6. HP: 37/50 MP: 5/5
  3036 | D:5      | Noticed an ice beast
  3042 | D:5      | Killed an ice beast
  3060 | D:5      | Found an ornate altar of the Wu Jian Council.
  3159 | D:5      | Reached skill level 5 in Axes
  3232 | D:5      | Reached XP level 7. HP: 45/55 MP: 6/6
  3306 | D:5      | Noticed Blork the orc
  3322 | D:5      | Killed Blork the orc
  3540 | D:5      | Identified the amulet "Itezask" {Acrobat Drain rPois rCorr
                  | Int+5}
  4613 | D:6      | Reached XP level 8. HP: 52/63 MP: 7/7
  4735 | D:6      | Found a staircase to the Ecumenical Temple.
  4758 | Temple   | Entered the Ecumenical Temple
  4765 | Temple   | Became a worshipper of Warmaster Okawaru
  4939 | D:6      | Found a stormy altar of Qazlal.
  4939 | D:6      | Identified the ring "Husmi" {rC+ MP+9 Int+2 Dex+4 Stlth+}
  5469 | D:7      | Noticed Duvessa
  5469 | D:7      | Noticed Dowan
  5475 | D:7      | Killed Duvessa
  5893 | D:6      | Reached skill level 1 in Dodging
  5894 | D:6      | Reached skill level 1 in Invocations
  6279 | D:7      | Killed Dowan
  6279 | D:7      | Reached * piety under Okawaru
  7161 | D:7      | Noticed Pikel
  7168 | D:7      | Reached XP level 9. HP: 56/71 MP: 9/9
  7171 | D:7      | Killed Pikel
  7171 | D:7      | Reached ** piety under Okawaru
  7489 | D:7      | Identified the ring "Kuukk" {Fly Int+4}
  7640 | D:7      | Found a runed translucent door.
  7641 | D:7      | Noticed Crazy Yiuf
  7972 | D:8      | Found Rierph's Armour Shop.
  7980 | D:8      | Bought a +2 pair of boots for 264 gold pieces
  8252 | D:8      | Reached *** piety under Okawaru
  8731 | D:9      | Reached XP level 10. HP: 81/81 MP: 12/12
  8937 | D:9      | Found an iron altar of Okawaru.
  9343 | D:9      | Found a shadowy altar of Dithmenos.
  9664 | D:9      | Reached skill level 5 in Dodging
  9776 | D:9      | Found a shimmering altar of Xom.
  9987 | D:10     | Entered Level 10 of the Dungeon
 10005 | D:10     | Reached **** piety under Okawaru
 10118 | D:10     | Noticed a death yak
 10125 | D:10     | Noticed a death yak
 10131 | D:10     | Killed a death yak
 10132 | D:10     | Reached skill level 1 in Evocations
 10133 | D:10     | Noticed a death yak
 10141 | D:10     | Killed a death yak
 10142 | D:10     | Reached skill level 1 in Throwing
 10142 | D:10     | Reached skill level 5 in Invocations
 10160 | D:10     | Killed a death yak
 10160 | D:10     | Reached ***** piety under Okawaru
 10163 | D:10     | Found a staircase to the Lair.
 10378 | D:10     | Noticed Maggie
 10394 | D:10     | Killed Maggie
 10395 | D:10     | Reached XP level 11. HP: 87/87 MP: 11/13
 10539 | D:10     | Noticed a two-headed ogre
 10545 | D:10     | Noticed a two-headed ogre
 10546 | D:10     | Identified the +1 cloak "Lemaax" {+Blink rN+ Will- Str+4}
                  | (Okawaru gifted it to you on level 10 of the Dungeon)
 10546 | D:10     | Received a gift from Okawaru
 10569 | D:10     | Killed a two-headed ogre
 10572 | D:10     | Killed a two-headed ogre
 10593 | D:10     | Noticed a purple ugly thing
 10603 | D:10     | Killed a purple ugly thing
 11253 | D:10     | Reached skill level 10 in Shields
 11662 | Lair:1   | Entered Level 1 of the Lair of Beasts
 11711 | Lair:1   | Reached skill level 10 in Fighting
 11818 | Lair:1   | Reached skill level 10 in Armour
 12063 | Lair:1   | Reached skill level 10 in Axes
 12085 | Lair:1   | Found a gate leading to a gauntlet.
 12096 | Gauntlet | Entered a Gauntlet
 12096 | Gauntlet | Found a transporter.
 12096 | Gauntlet | Found a transporter.
 12097 | Gauntlet | Found a transporter.
 12097 | Gauntlet | Found a transporter.
 12097 | Gauntlet | Noticed a tengu warrior
 12100 | Gauntlet | Found a transporter.
 12101 | Gauntlet | Found a transporter.
 12102 | Gauntlet | Found a large runed translucent door.
 12103 | Gauntlet | Found a large runed translucent door.
 12104 | Gauntlet | Found a large runed translucent door.
 12104 | Gauntlet | Found a large runed translucent door.
 12104 | Gauntlet | Found a runed translucent door.
 12105 | Gauntlet | Found a runed translucent door.
 12106 | Gauntlet | Found a large runed translucent door.
 12106 | Gauntlet | Found a large runed translucent door.
 12106 | Gauntlet | Found a large runed translucent door.
 12106 | Gauntlet | Found a large runed translucent door.
 12107 | Gauntlet | Found a large runed translucent door.
 12107 | Gauntlet | Found a large runed translucent door.
 12107 | Gauntlet | Found a large runed translucent door.
 12108 | Gauntlet | Found a large runed translucent door.
 12108 | Gauntlet | Found a large runed translucent door.
 12215 | Gauntlet | Found a runed translucent gate.
 12215 | Gauntlet | Found a runed translucent gate.
 12215 | Gauntlet | Found a runed translucent gate.
 12217 | Gauntlet | Found a transporter.
 12219 | Gauntlet | Noticed a wizard
 12221 | Gauntlet | Found a transporter.
 12230 | Gauntlet | Noticed a quicksilver ooze
 12233 | Gauntlet | Found a transporter.
 12234 | Gauntlet | Found a transporter.
 12234 | Gauntlet | Noticed an obsidian statue
 12237 | Gauntlet | Found a transporter.
 12329 | Gauntlet | Found a large runed translucent door.
 12332 | Gauntlet | Found a large runed translucent door.
 12332 | Gauntlet | Found a large runed translucent door.
 12335 | Gauntlet | Found a transporter.
 12430 | Gauntlet | Gained mutation: Armour fits poorly on your strangely
                  | shaped body. [a neqoxec]
 12455 | Gauntlet | Lost mutation: You possess an exceptional clarity of mind.
                  | [potion of mutation]
 12455 | Gauntlet | Lost mutation: You are partially covered in large bone
                  | plates. (SH +4) [potion of mutation]
 12456 | Gauntlet | Lost mutation: Your body sometimes deteriorates upon taking
                  | damage. [potion of mutation]
 12456 | Gauntlet | Lost mutation: You are frail. (-10% HP) [potion of
                  | mutation]
 12456 | Gauntlet | Gained mutation: You are occasionally teleported next to
                  | monsters. [potion of mutation]
 12456 | Gauntlet | Gained mutation: Your muscles are strong. (Str +4, Int/Dex
                  | -1) [potion of mutation]
 12466 | Gauntlet | Killed a wizard
 12507 | Gauntlet | Identified the amulet "Lapleezont" {RegenMP Regen+ rCorr
                  | Int+4}
 12509 | Gauntlet | Noticed a sun demon
 12516 | Gauntlet | Killed an obsidian statue
 12521 | Gauntlet | Identified the +0 leather armour of the Past {rN+ MP+9
                  | Int+6 Dex+4}
 12697 | Gauntlet | Noticed a minotaur
 12743 | Gauntlet | HP: 3/101 [minotaur/+5 vorpal morningstar (3)]
 12744 | Gauntlet | Slain by a minotaur

Illustrated notes

Levels and vault maps discovered:
D:1:      nicolae_arrival_somewhat_less_tricky_arrival, layout_basic,
          chequers_ecumenical_altar_simple_redux, hangedman_feature_mirror
D:2:      layout_loops_ring
D:3:      layout_basic, minmay_between
D:4:      kennysheep_goblin_castle, layout_loops_ring
D:5:      layout_rooms, nicolae_wu_jian_wuxing_cycle, dk_rats_in_the_wall,
          uniq_blork_the_orc
D:6:      layout_gridville, nicolae_qazlal_general_emergency,
          minmay_temple_entry_stoned_glass
D:7:      layout_gridville, roderic_lattice_a, kennysheep_doodads,
          grunt_ministairs_2, ebering_dispersal_statue_hall, minmay_holes,
          minivault_1, minmay_diced_spiral, uniq_duvessa, uniq_pikel,
          uniq_crazy_yiuf_cottage
D:8:      layout_basic, serial_shops, nicolae_square_shop,
          amcnicky_mini_pool_medium
D:9:      layout_small_grid, nicolae_dithmenos_through_a_glass_darkly,
          kennysheep_little_box, minmay_misc_feat_rugged,
          david_defended_altar_orc
D:10:     layout_basic, dpeg_lair_monsters, minmay_bent, uniq_maggie
D:11:     layout_loops_ring, gammafunk_ghost_cemetery
Temple:   nicolae_temple_no_exploring_needed
Lair:1:   layout_concentric_octagons, gauntlet_entry_generic,
          beast_lair_carwin_7, infiniplex_staircase_pool_2
Gauntlet: gammafunk_gauntlet_hard_choice [nicolae_gauntlet_swirl,
          nicolae_gauntlet_arena_x, minmay_gauntlet_arena_make_your_own_arena,
          gammafunk_gauntlet_arena_mazey, gammafunk_gauntlet_arena_corners,
          nicolae_gauntlet_arena_blocks, dreamdust_gauntlet_exit_labyrinth]

Skill      XL: |  1  2  3  4  5  6  7  8  9 10 11 |
---------------+----------------------------------+-----
Fighting       | 4 5 6 7 8 9 10 | 10.3
Axes           | 3 4 5 6 7 8 9 10 | 10.1
Armour         | 4 5 6 7 8 9 10 | 10.3
Shields        | 4 5 6 7 8 9 10 | 10.4
Dodging        | 2 4 5 7 |  7.0
Invocations    | 2 4 5 6 |  6.2
Evocations     | 2 3 |  3.9
Throwing       | 2 4 |  4.0

Action                   |  1- 3 |  4- 6 |  7- 9 | 10-12 || total
-------------------------+-------+-------+-------+-------++-------
Melee: War axe           |    54 |    77 |   126 |       ||   257
       Headbutt          |    10 |    14 |    42 |    82 ||   148
       Hand axe          |       |       |   166 |   270 ||   436
       Morningstar       |       |       |       |    39 ||    39
Throw: Javelin           |       |       |     1 |       ||     1
       Boomerang         |       |       |       |     3 ||     3
Invok: Heroism           |       |       |       |     6 ||     6
       Finesse           |       |       |       |     2 ||     2
Evoke: Wand              |       |     4 |     5 |     5 ||    14
  Use: Potion            |       |     7 |     5 |    10 ||    22
       Scroll            |       |     4 |     4 |       ||     8
 Stab: Invisible         |       |       |     2 |     1 ||     3
Armor: Scale mail        |    18 |       |       |       ||    18
       Chain mail        |    16 |    43 |   135 |   105 ||   299
Dodge: Dodged            |    30 |    27 |   132 |    92 ||   281
Block: Buckler           |     9 |    37 |   154 |   121 ||   321
